 Dungeon Crawl Stone Soup version 0.29-a0-43-g62a80824bf (webtiles) character file.

Game seed: 7881864817941726777

35 soggyman666 the Firebug (level 3, 0/31 HPs)
             Began as an Ogre Fire Elementalist on Feb 2, 2022.
             Slain by a worm (8 damage)
             ... on level 2 of the Dungeon.
             The game lasted 00:01:13 (1140 turns).

soggyman666 the Firebug (Ogre Fire Elementalist)    Turns: 1140, Time: 00:01:15

Health: 0/31       AC:  3    Str: 14    XL:     3   Next: 33%
Magic:  5/7        EV:  9    Int: 16    God:
Gold:   30         SH:  0    Dex:  9    Spells: 6/7 levels left

rFire   . . .      SeeInvis .   (no weapon)
rCold   . . .      Faith    .   (no shield)
rNeg    . . .      Spirit   .   a - +0 robe
rPois   .          Reflect  .   (helmet restricted)
rElec   .          Harm     .   (no cloak)
rCorr   .          Rampage  .   (gloves unavailable)
Will    .....                   (boots unavailable)
Stlth   ++........              (no amulet)
HPRegen 0.10/turn               (no ring)
MPRegen 0.10/turn               (no ring)

@: no status effects
A: large, unfitting armour, tough skin 1
a: no special abilities


You were on level 2 of the Dungeon.
You visited 1 branch of the dungeon, and saw 2 of its levels.

You collected 30 gold pieces.

Inventory:

Missiles
 f - a throwing net
Armour
 a - a +0 robe (worn)
Wands
 i - a wand of paralysis (12)
Scrolls
 b - 2 scrolls of identify {unknown}
 d - a scroll of fog {unknown}
 e - a scroll of brand weapon {unknown}
 j - a scroll of fear {unknown}
 k - a scroll of vulnerability {unknown}
Potions
 c - a potion of invisibility {unknown}
 g - a potion of heal wounds {unknown}
 h - a potion of magic {unknown}


   Skills:
 + Level 1.9 Dodging
 + Level 1.6 Stealth
 + Level 2.9 Spellcasting
 + Level 1.0 Conjurations
 + Level 3.3 Fire Magic


You had 6 spell levels left.
You knew the following spells:

 Your Spells              Type           Power      Damage    Failure   Level
a - Foxfire               Conj/Fire      36%        2x1d5     8%          1

Your spell library contained the following spells:

 Spells                   Type           Power      Damage    Failure   Level
 Scorch                   Fire           26%        2d6       7%          2
 Conjure Flame            Conj/Fire      9%         6-21      22%         3
 Inner Flame              Hex/Fire       7%         N/A       28%         3
 Flame Wave               Conj/Fire      9%         2d5       58%         4


Dungeon Overview and Level Annotations

Branches:
Dungeon (2/15)

Altars:


Innate Abilities, Weirdness & Mutations

You are too large for most types of armour.
You have tough skin. (AC +1)


Message History

Aim: a worm (moderately wounded, chance to affect: 57%)
The worm suddenly stops moving!
The helpless worm fails to defend itself.
You hit the worm.
The worm is moderately wounded.
The helpless worm fails to defend itself.
You hit the worm.
The worm is moderately wounded.
The helpless worm fails to defend itself.
You hit the worm but do no damage.
The worm is moderately wounded.
The helpless worm fails to defend itself.
You hit the worm but do no damage.
The worm is moderately wounded.
The helpless worm fails to defend itself.
You hit the worm but do no damage.
The worm is moderately wounded.
The helpless worm fails to defend itself.
You hit the worm.
The worm is moderately wounded.
The helpless worm fails to defend itself.
You hit the worm.
The worm is moderately wounded.
The helpless worm fails to defend itself.
You hit the worm.
The worm is moderately wounded.
The helpless worm fails to defend itself.
You hit the worm but do no damage.
The worm is moderately wounded.
The helpless worm fails to defend itself.
You hit the worm.
The worm is heavily wounded.
The helpless worm fails to defend itself.
You hit the worm. You punch the worm.
The worm is heavily wounded.
The worm is no longer paralysed.
You hit the worm.
The worm is heavily wounded.
The worm bites you!
You die...

.........#
#.#
..######.#
#.# .# ..#
#.#####.#
.# ..#
#.......#
.# ..#
####.####
.# ..###
#.# .#
)...# #.#
.# ..#<#
#.#####w#
###.#
#.....@.#
# #.#
#########
# #.# #
#.# # #.#
# #.# #
#.# #


You could see a worm.

Vanquished Creatures
  Jessica (D:2)
  A ball python (D:1)
  2 endoplasms
  A giant cockroach (D:1)
  2 hobgoblins
  A bat (D:1)
8 creatures vanquished.

Vanquished Creatures (others)
  39 foxfires
39 creatures vanquished.

Grand Total: 47 creatures vanquished

Notes
Turn   | Place    | Note
-------+----------+-------------------------------------------
     0 | D:1      | soggyman666 the Ogre Fire Elementalist began the quest for
                  | the Orb.
     0 | D:1      | Reached XP level 1. HP: 16/16 MP: 3/3
   946 | D:2      | Noticed Jessica
   950 | D:2      | Killed Jessica
   951 | D:2      | Reached skill level 1 in Conjurations
   951 | D:2      | Reached skill level 3 in Fire Magic
   951 | D:2      | Reached XP level 2. HP: 24/24 MP: 2/5
   951 | D:2      | Reached XP level 3. HP: 31/31 MP: 2/7
  1140 | D:2      | Slain by a worm

Illustrated notes

Levels and vault maps discovered:
D:1:      dpeg_arrival_renting, layout_basic
D:2:      layout_loops_ring, basic_altar, wander_ebering_terrifying_dragon_lair,
          uniq_jessica

Skill      XL: |  1 |
---------------+----+-----
Conjurations   | 1 |  1.0
Fire Magic     | 3 |  3.3
Dodging        | |  1.9
Stealth        | |  1.6
Spellcasting   | |  2.9

Action                   || total
-------------------------++-------
Melee: Unarmed           ||    26
       Punch             ||     1
 Cast: Foxfire           ||    23
Evoke: Wand              ||     2
 Stab: Paralysed         ||    11
Armor: Robe              ||     4
Dodge: Dodged            ||     5

Table legend: (Time is in decaauts)
 A = Elapsed time spent in this place.
 B = Non-inter-level travel time spent in this place.
 C = Inter-level travel time spent in this place.
 D = Time resting spent in this place.
 E = Time spent auto-exploring this place.
 F = Levels seen in this place.
 G = Mean time per level.
                   A        B        C        D        E       F      G
               +--------+--------+--------+--------+--------+-----+--------+
         Total |   1139 |   1115 |     24 |      0 |    998 |   2 |  569.5 |
       Dungeon |   1139 |   1115 |     24 |      0 |    998 |   2 |  569.5 |
               +--------+--------+--------+--------+--------+-----+--------+

Top non-repeatable levels by time:
     D:1: 946 daAuts
     D:2: 193 daAuts
